[ AOE2 MATCH · #479728601 ]
1v1 RMChinese vs Japanese
Player's team · WIN
Rival team · LOSS
[ REPLAY ANALYSIS · EXTRACTED FROM THE RECORDED GAME ]
Feudal
—
Castle
—
Imperial
—
| APM avg | 55.4 |
| APM peak | 97 |
| eAPM avg | 26.4 |
| Villagers / military | 88 / 63 |
Focus
⚔️ 36.0% · 🌾 64.0%
Archer ×57 · Iron Pagoda ×4 · Spearman ×1 · Monk ×1
Feudal
9:57
Castle
23:56
Imperial
—
| APM avg | 37.9 |
| APM peak | 98 |
| eAPM avg | 18.6 |
| Villagers / military | 82 / 63 |
Focus
⚔️ 26.6% · 🌾 73.4%
Skirmisher ×33 · Archer ×23 · Militia ×7
Match map
Initial resources + every placement click. Lines = walls · curves = elevation contours. ◆ gold · ⬟ stone · ● berries · ✦ relic · ◌ wall gap
Your base· Open — opponent sealed themselves in
Gerodrick's base· ✓ Closed at 23:56 · 40t walls · no gate
Smoothed initial terrain · ◌ = detected wall gap · hover for details
Inputs per minute
— RoronoaZoro#3785 - - Gerodrick
Build order — RoronoaZoro#3785
First 150 of 217 actions detected
| 0:00 | Research | Loom |
| 0:43 | Create | Villager (Male) |
| 0:44 | Create | Villager (Male) |
| 1:09 | Create | Villager (Male) |
| 1:09 | Create | Villager (Male) |
| 1:37 | Create | Villager (Male) |
| 1:37 | Create | Villager (Male) |
| 2:03 | Create | Villager (Male) |
| 2:03 | Create | Villager (Male) |
| 2:08 | Build | Lumber Camp |
| 2:28 | Create | Villager (Male) |
| 2:28 | Create | Villager (Male) |
| 2:50 | Create | Villager (Male) |
| 2:50 | Create | Villager (Male) |
| 3:17 | Create | Villager (Male) |
| 3:17 | Create | Villager (Male) |
| 3:17 | Create | Villager (Male) |
| 3:19 | Build | House |
| 3:47 | Create | Villager (Male) |
| 3:47 | Create | Villager (Male) |
| 3:47 | Create | Villager (Male) |
| 4:00 | Create | Villager (Male) |
| 4:01 | Create | Villager (Male) |
| 4:48 | Build | Mining Camp |
| 4:53 | Create | Villager (Male) |
| 4:53 | Create | Villager (Male) |
| 4:54 | Create | Villager (Male) |
| 5:42 | Build | House |
| 6:00 | Research | Feudal Age |
| 6:00 | Research | Feudal Age |
| 7:18 | Build | Barracks |
| 7:51 | Create | Villager (Male) |
| 7:51 | Create | Villager (Male) |
| 7:52 | Create | Villager (Male) |
| 7:52 | Create | Villager (Male) |
| 8:26 | Build | Archery Range |
| 9:02 | Build | Blacksmith |
| 9:12 | Build | House |
| 9:18 | Build | House |
| 9:20 | Build | House |
| 9:34 | Create | Archer |
| 9:35 | Create | Archer |
| 9:47 | Create | Villager (Male) |
| 9:49 | Research | Double-Bit Axe |
| 9:49 | Research | Double-Bit Axe |
| 9:56 | Create | Spearman |
| 10:02 | Create | Villager (Male) |
| 10:02 | Create | Villager (Male) |
| 10:24 | Build | Mill |
| 10:35 | Create | Archer |
| 10:41 | Build | House |
| 10:43 | Build | Palisade Wall |
| 10:45 | Create | Villager (Male) |
| 10:57 | Build | Farm |
| 10:58 | Build | Farm |
| 10:58 | Build | Farm |
| 11:22 | Build | Farm |
| 11:29 | Build | House |
| 11:31 | Build | Palisade Wall |
| 11:53 | Create | Archer |
| 11:53 | Create | Archer |
| 11:54 | Create | Villager (Male) |
| 11:54 | Create | Villager (Male) |
| 12:06 | Create | Archer |
| 12:19 | Create | Archer |
| 12:20 | Create | Villager (Male) |
| 13:22 | Create | Villager (Male) |
| 13:22 | Create | Villager (Male) |
| 13:22 | Create | Archer |
| 13:23 | Create | Archer |
| 13:23 | Create | Archer |
| 13:38 | Build | Farm |
| 13:38 | Build | Farm |
| 13:38 | Build | Farm |
| 13:54 | Research | Fletching |
| 13:54 | Research | Fletching |
| 13:54 | Research | Fletching |
| 14:11 | Create | Villager (Male) |
| 14:11 | Create | Villager (Male) |
| 14:19 | Build | Farm |
| 14:26 | Create | Archer |
| 14:27 | Create | Archer |
| 14:31 | Create | Villager (Male) |
| 14:32 | Create | Villager (Male) |
| 14:45 | Build | House |
| 14:48 | Build | Palisade Wall |
| 14:50 | Create | Villager (Male) |
| 15:11 | Create | Villager (Male) |
| 15:49 | Create | Villager (Male) |
| 16:06 | Build | Farm |
| 16:12 | Create | Villager (Male) |
| 16:16 | Build | Market |
| 16:25 | Build | Archery Range |
| 16:33 | Create | Archer |
| 16:33 | Create | Villager (Male) |
| 16:48 | Create | Archer |
| 17:02 | Build | Farm |
| 17:02 | Build | Farm |
| 17:06 | Create | Villager (Male) |
| 17:14 | Create | Archer |
| 17:15 | Create | Archer |
| 18:01 | Create | Villager (Male) |
| 18:17 | Research | Castle Age |
| 18:17 | Research | Castle Age |
| 18:22 | Build | House |
| 18:23 | Build | Palisade Wall |
| 18:26 | Build | House |
| 18:31 | Build | Palisade Wall |
| 18:38 | Create | Archer |
| 18:38 | Create | Archer |
| 18:52 | Research | Padded Archer Armor |
| 18:54 | Create | Archer |
| 18:54 | Create | Archer |
| 18:55 | Create | Archer |
| 19:06 | Build | House |
| 19:11 | Build | Palisade Gate |
| 19:19 | Create | Archer |
| 19:19 | Create | Archer |
| 19:36 | Create | Archer |
| 19:36 | Create | Archer |
| 20:05 | Create | Archer |
| 20:06 | Create | Archer |
| 20:06 | Create | Archer |
| 20:54 | Create | Villager (Male) |
| 20:55 | Create | Villager (Male) |
| 21:00 | Create | Archer |
| 21:00 | Create | Archer |
| 21:00 | Create | Archer |
| 21:12 | Build | Town Center |
| 21:18 | Research | Bodkin Arrow |
| 21:19 | Research | Bodkin Arrow |
| 21:43 | Create | Villager (Male) |
| 21:43 | Create | Villager (Male) |
| 21:51 | Create | Archer |
| 21:54 | Research | Crossbowman (upgrade) |
| 21:54 | Research | Crossbowman (upgrade) |
| 22:04 | Create | Villager (Male) |
| 22:04 | Create | Villager (Male) |
| 22:43 | Create | Archer |
| 22:43 | Create | Archer |
| 22:44 | Create | Archer |
| 22:44 | Create | Archer |
| 23:08 | Create | Villager (Male) |
| 23:08 | Create | Villager (Male) |
| 23:08 | Create | Villager (Male) |
| 23:16 | Build | Monastery |
| 23:42 | Create | Archer |
| 23:42 | Create | Archer |
| 23:42 | Create | Archer |
| 23:47 | Create | Villager (Male) |
Build order — Gerodrick
First 150 of 204 actions detected
| 0:01 | Create | Villager (Male) |
| 0:01 | Create | Villager (Male) |
| 0:01 | Create | Villager (Male) |
| 0:01 | Create | Villager (Male) |
| 0:01 | Create | Villager (Male) |
| 0:01 | Create | Villager (Male) |
| 0:02 | Build | House |
| 0:04 | Build | House |
| 1:26 | Create | Villager (Male) |
| 1:26 | Create | Villager (Male) |
| 1:26 | Create | Villager (Male) |
| 1:26 | Create | Villager (Male) |
| 1:26 | Create | Villager (Male) |
| 1:45 | Build | Lumber Camp |
| 1:55 | Create | Villager (Male) |
| 1:55 | Create | Villager (Male) |
| 1:55 | Create | Villager (Male) |
| 1:55 | Create | Villager (Male) |
| 1:55 | Create | Villager (Male) |
| 2:28 | Create | Villager (Male) |
| 2:28 | Create | Villager (Male) |
| 2:29 | Create | Villager (Male) |
| 2:29 | Create | Villager (Male) |
| 2:29 | Create | Villager (Male) |
| 2:59 | Create | Villager (Male) |
| 2:59 | Create | Villager (Male) |
| 2:59 | Create | Villager (Male) |
| 2:59 | Create | Villager (Male) |
| 2:59 | Create | Villager (Male) |
| 3:25 | Create | Villager (Male) |
| 3:32 | Create | Villager (Male) |
| 3:32 | Create | Villager (Male) |
| 3:59 | Build | House |
| 4:27 | Create | Villager (Male) |
| 4:27 | Create | Villager (Male) |
| 4:27 | Create | Villager (Male) |
| 4:57 | Create | Villager (Male) |
| 4:57 | Create | Villager (Male) |
| 5:28 | Create | Villager (Male) |
| 5:28 | Create | Villager (Male) |
| 6:08 | Create | Villager (Male) |
| 6:43 | Research | Loom |
| 6:45 | Build | Barracks |
| 7:14 | Build | Mining Camp |
| 7:29 | Create | Villager (Male) |
| 7:47 | Research | Feudal Age |
| 8:25 | Create | Militia |
| 8:25 | Create | Militia |
| 8:25 | Create | Militia |
| 8:25 | Create | Militia |
| 8:25 | Create | Militia |
| 8:25 | Create | Militia |
| 8:29 | Build | House |
| 8:32 | Build | House |
| 9:38 | Build | House |
| 9:40 | Build | House |
| 9:42 | Create | Villager (Male) |
| 9:57 | Age | Feudal Age |
| 9:58 | Create | Militia |
| 10:00 | Research | Man-at-Arms (upgrade) |
| 10:06 | Build | Barracks |
| 10:12 | Build | Archery Range |
| 10:25 | Create | Villager (Male) |
| 10:25 | Create | Villager (Male) |
| 10:30 | Build | Mill |
| 10:45 | Build | Palisade Wall |
| 10:49 | Build | House |
| 10:58 | Create | Villager (Male) |
| 10:58 | Create | Villager (Male) |
| 10:58 | Create | Villager (Male) |
| 11:18 | Build | Farm |
| 11:18 | Build | Farm |
| 11:19 | Build | Farm |
| 11:21 | Build | Farm |
| 11:21 | Build | Farm |
| 11:42 | Build | Palisade Wall |
| 11:56 | Create | Archer |
| 11:56 | Create | Archer |
| 11:56 | Create | Archer |
| 11:56 | Create | Archer |
| 11:56 | Create | Archer |
| 11:56 | Create | Archer |
| 12:02 | Build | House |
| 12:07 | Create | Villager (Male) |
| 12:07 | Create | Villager (Male) |
| 12:07 | Create | Villager (Male) |
| 12:07 | Create | Villager (Male) |
| 12:40 | Create | Villager (Male) |
| 12:42 | Create | Archer |
| 12:42 | Create | Archer |
| 12:43 | Create | Archer |
| 13:20 | Create | Villager (Male) |
| 13:22 | Create | Archer |
| 13:28 | Build | Archery Range |
| 13:30 | Create | Villager (Male) |
| 13:37 | Research | Double-Bit Axe |
| 13:52 | Build | Archery Range |
| 14:03 | Create | Villager (Male) |
| 14:10 | Build | House |
| 14:11 | Build | House |
| 14:13 | Build | House |
| 14:16 | Create | Villager (Male) |
| 14:19 | Create | Archer |
| 14:23 | Create | Villager (Male) |
| 14:48 | Create | Archer |
| 14:48 | Create | Archer |
| 15:15 | Build | Market |
| 15:23 | Build | Palisade Wall |
| 15:25 | Build | Palisade Wall |
| 15:33 | Create | Archer |
| 15:33 | Create | Archer |
| 15:33 | Create | Archer |
| 15:50 | Create | Villager (Male) |
| 15:53 | Create | Villager (Male) |
| 15:59 | Create | Villager (Male) |
| 16:16 | Create | Villager (Male) |
| 16:20 | Create | Skirmisher |
| 16:20 | Create | Skirmisher |
| 16:20 | Create | Skirmisher |
| 16:22 | Create | Skirmisher |
| 16:33 | Build | Palisade Wall |
| 16:39 | Create | Villager (Male) |
| 16:50 | Create | Archer |
| 16:50 | Create | Archer |
| 16:52 | Create | Villager (Male) |
| 16:52 | Create | Villager (Male) |
| 17:09 | Build | Lumber Camp |
| 18:06 | Build | Farm |
| 18:06 | Create | Villager (Male) |
| 18:11 | Build | Farm |
| 18:19 | Create | Archer |
| 18:19 | Create | Archer |
| 18:19 | Create | Archer |
| 18:27 | Build | Palisade Wall |
| 18:39 | Build | Farm |
| 18:42 | Create | Villager (Male) |
| 18:47 | Create | Villager (Male) |
| 18:54 | Build | Farm |
| 18:59 | Create | Villager (Male) |
| 19:18 | Create | Archer |
| 19:18 | Create | Archer |
| 19:22 | Build | Farm |
| 19:46 | Create | Villager (Male) |
| 20:04 | Create | Villager (Male) |
| 20:06 | Build | Blacksmith |
| 20:27 | Create | Villager (Male) |
| 20:32 | Build | Mining Camp |
| 21:06 | Research | Castle Age |
| 21:28 | Build | House |
| 21:44 | Create | Skirmisher |
Match timeline
| 6:45 | Gerodrick · first_building Barracks |
| 7:18 | RoronoaZoro#3785 · first_building Barracks |
| 8:26 | RoronoaZoro#3785 · first_building Archery Range |
| 9:57 | Gerodrick · age_up feudal |
| 10:12 | Gerodrick · first_building Archery Range |
| 10:43 | RoronoaZoro#3785 · wall_segment Palisade Wall x2 |
| 10:45 | Gerodrick · wall_segment Palisade Wall x3 |
| 11:31 | RoronoaZoro#3785 · wall_segment Palisade Wall x4 |
| 11:42 | Gerodrick · wall_segment Palisade Wall x18 |
| 14:48 | RoronoaZoro#3785 · wall_segment Palisade Wall x4 |
| 15:23 | Gerodrick · wall_segment Palisade Wall x1 |
| 15:25 | Gerodrick · wall_segment Palisade Wall x2 |
| 16:33 | Gerodrick · wall_segment Palisade Wall x16 |
| 18:03 | RoronoaZoro#3785 · first_market_buy 100 food |
| 18:07 | RoronoaZoro#3785 · first_market_sell 500 wood |
| 18:23 | RoronoaZoro#3785 · wall_segment Palisade Wall x4 |
| 18:27 | Gerodrick · wall_segment Palisade Wall x1 |
| 18:31 | RoronoaZoro#3785 · wall_segment Palisade Wall x8 |
| 20:36 | Gerodrick · first_market_sell 100 wood |
| 20:39 | Gerodrick · first_market_buy 100 food |
| 23:16 | RoronoaZoro#3785 · first_building Monastery |
| 23:56 | Gerodrick · age_up castle |
| 24:03 | RoronoaZoro#3785 · first_building Siege Workshop |
| 28:16 | Gerodrick · first_building Castle |
| 29:24 | Gerodrick · resign |
[ AI ANALYSIS · 1 CREDIT ]
What really happened in this match?
Wolo.gg analyzes every decision: build order, eco, micro, common mistakes by bracket. Personalized analysis on WhatsApp or Discord in 30 seconds.
Civ guide
Chinese
Map guide
Arabia
Perfil
RoronoaZoro3785